 Dungeon Crawl Stone Soup version 0.20-a0-1043-gbd57889 (webtiles) character file.

254 Murumi the Covert (level 5, -5/37 HPs)
             Began as a Vampire Enchanter on Apr 24, 2017.
             Slain by a worm (9 damage)
             ... in a sewer.
             The game lasted 00:13:57 (4047 turns).

Murumi the Covert (Vampire Enchanter)               Turns: 4047, Time: 00:13:57

Health: -5/37      AC:  4    Str:  7    XL:     5   Next: 91%
Magic:  6/8        EV: 13    Int: 18    God:
Gold:   177        SH:  0    Dex: 15    Spells: 3/8 levels left

rFire    . . .     SeeInvis +   m - +1 dagger (elec)
rCold    . . .     Gourm    .   (no shield)
rNeg     + . .     Faith    .   b - +0 robe
rPois    +         Spirit   .   o - +0 helmet
rElec    .         Reflect  .   e - +0 cloak
rCorr    .         Harm     .   (no gloves)
MR       .....                  (no boots)
Stlth    ++++......             (no amulet)
Regen    0.2/turn               f - ring of poison resistance
MPRegen  0.2/turn               (no ring)

@: no status effects
A: fangs 3, see invisible, unbreathing
a: Bat Form


You were in a sewer.
You were not thirsty.

You visited 1 branch of the dungeon, and saw 4 of its levels.
You also visited: Sewer.

You collected 177 gold pieces.

Inventory:

Hand Weapons
 a - a +1 dagger
 m - a +1 dagger of electrocution (weapon)
Armour
 b - a +0 robe (worn)
 e - a +0 cloak (worn)
 o - a +0 helmet (worn)
Jewellery
 f - a ring of poison resistance (left hand)
Wands
 r - a wand of acid (8/15)
Scrolls
 g - 2 scrolls of fear
 j - 4 scrolls of teleportation
 p - 2 scrolls of remove curse
Potions
 d - 14 potions of blood
 h - a potion of agility
 i - a potion of brilliance {unknown}
 k - 2 potions of curing {unknown}
 l - 3 potions of heal wounds {unknown}
 n - a potion of lignification {unknown}
 q - 5 potions of flight {unknown}
 s - a potion of invisibility
Books
 c - a book of Maledictions

   Spells                             Type                      Level
   a - Corona                         Hexes                        1
   b - Ensorcelled Hibernation        Hexes/Ice                    2
   c - Confuse                        Hexes                        3
   d - Tukima's Dance                 Hexes                        3
   e - Dazzling Spray                 Conjuration/Hexes            3


   Skills:
 - Level 1.0 Fighting
 - Level 2.2 Short Blades
 - Level 2.1 Dodging
 + Level 9.1 Stealth
 - Level 2.0 Spellcasting
 - Level 5.2 Hexes


You had 3 spell levels left.
You knew the following spells:

 Your Spells              Type           Power        Failure   Level  Hunger
b - Ensorcelled Hibernat  Hex/Ice        ##....       10%         2    ###....
c - Confuse               Hex            ###.....     6%          3    ###....


Dungeon Overview and Level Annotations

Branches:
Dungeon (4/15)
 Temple: D:4-7

Altars:


Innate Abilities, Weirdness & Mutations

You have razor-sharp teeth.
You have supernaturally acute eyesight. (SInv)
You can survive without breathing.


Message History

You kill the ooze!
You open the large door. 2 worms come into view.
A worm comes into view.
There is a large open door here.
The helpless worm fails to defend itself.
You stick the worm like a pincushion!!!
You kill the worm!
The worm misses you.
You barely miss the worm. The worm bites you!
* * * LOW HITPOINT WARNING * * *
Casting: Ensorcelled Hibernation
Confirm with . or Enter, or press ? or * to list all spells.
Aiming: Ensorcelled Hibernation
Press: ? - help, Shift-Dir - straight line, f - worm
Aim: a worm (chance to defeat MR: 50%)
The worm resists with some effort.
The worm bites you.
* * * LOW HITPOINT WARNING * * *
The worm bites you!
You die...

#≈≈≈≈≈≈≈..≈≈.≈≈≈≈≈≈≈≈≈≈#
#≈≈≈≈≈≈≈≈≈≈≈≈≈≈≈≈≈≈≈≈≈≈#
#≈≈≈≈≈≈≈≈≈≈≈≈≈≈.≈≈≈≈≈≈≈#
#.≈≈####≈≈####≈≈≈###≈≈≈#
#≈≈.# #.≈# #≈≈.# #≈≈≈#
#≈≈.# #≈≈# #≈≈≈# #≈≈≈#
#.≈≈####..####≈≈.# #≈≈≈#
#≈≈≈##.#..#w##≈≈≈# #≈≈≈#
#.≈≈##.'..@.##≈≈≈# #.≈≈#
#.≈≈##.'..w.##≈≈≈# #≈≈≈#
#≈≈≈##.#..#.##≈≈.# #≈≈≈#
#≈≈≈####..####≈≈≈# #≈≈≈#
#≈≈≈# #..# #≈≈≈# #≈≈≈#
#≈≈≈# #..# #.≈≈# #≈≈≈#
#≈≈≈# #..# #≈≈≈# #.≈≈#
#.≈≈# +..+ #≈≈≈# #÷≈≈#
#≈≈≈# ..+ #≈≈≈# #≈≈≈#


You could see 2 worms.

Vanquished Creatures
  An orc priest (D:3)
  An orc wizard (D:3)
  3 adders
  3 river rats (D:4)
  4 oozes
  7 worms
  3 leopard geckos (Sewer)
  3 orcs (D:3)
  9 giant cockroaches
  7 goblins
  6 hobgoblins
  13 jackals
  6 kobolds
  3 quokkas
  2 ball pythons
  17 bats
  3 frilled lizards
  11 rats
102 creatures vanquished.

Notes
Turn   | Place    | Note
-------+----------+-------------------------------------------
     0 | D:1      | Murumi the Vampire Enchanter began the quest for the Orb.
     0 | D:1      | Reached XP level 1. HP: 13/13 MP: 3/3
   208 | D:1      | Reached skill level 5 in Stealth
   459 | D:1      | Reached XP level 2. HP: 20/20 MP: 5/5
   463 | D:1      | Learned a level 2 spell: Ensorcelled Hibernation
   713 | D:1      | Reached skill level 1 in Fighting
  1589 | D:2      | Reached skill level 6 in Stealth
  1589 | D:2      | Reached XP level 3. HP: 24/26 MP: 6/6
  2290 | D:3      | Reached skill level 7 in Stealth
  2307 | D:3      | Learned a level 3 spell: Confuse
  2396 | D:3      | Reached skill level 5 in Hexes
  2396 | D:3      | Reached XP level 4. HP: 32/32 MP: 4/7
  2939 | D:3      | Reached XP level 5. HP: 37/37 MP: 8/8
  3508 | D:4      | Reached skill level 8 in Stealth
  3555 | D:4      | Found a glowing drain.
  3565 | Sewer    | Entered a sewer
  4039 | Sewer    | Reached skill level 9 in Stealth
  4047 | Sewer    | Slain by a worm

Vault maps used:
D:1:      dpeg_arrival_chase, serial_bayou_lake_a
D:2:      grunt_decor_arrowhead
D:4:      lightli_sewer_entry_pipes, first_bread, st_stairs_11, uniq_grinder
Sewer:    sewer_fruit_machine

Skill      XL: |  1  2  3  4  5 |
---------------+----------------+-----
Stealth        | 5 6 7 9 |  9.1
Fighting       | 1 |  1.0
Hexes          | 5 |  5.2
Short Blades   | 2 |  2.2
Dodging        | |  2.1
Spellcasting   | |  2.0

Action                   |  1- 3 |  4- 6 || total
-------------------------+-------+-------++-------
Melee: Dagger            |   144 |   191 ||   335
       Bite              |     5 |     7 ||    12
 Cast: Ensorcelled Hiber |     4 |     7 ||    11
 Abil: End Transformatio |       |     1 ||     1
       Bat Form          |       |     1 ||     1
  Use: Scroll            |     2 |     4 ||     6
       Potion            |       |     5 ||     5
 Stab: Sleeping          |    21 |    19 ||    40
       Invisible         |       |     3 ||     3
  Eat: Corpse            |       |     2 ||     2
Armor: Robe              |    26 |    64 ||    90
Dodge: Dodged            |    91 |   173 ||   264
